 Dungeon Crawl Stone Soup version 0.24-a0-342-gad4687c37d (webtiles) character file.

Game seed: 14851158084909389419

56 ohad the Changer (level 3, -9/23 HPs)
             Began as an Octopode Transmuter on May 21, 2019.
             Mangled by a wight
             ... wielding a cursed +2 hand axe of electrocution
              (13 damage)
             ... on level 2 of the Dungeon.
             The game lasted 00:03:32 (1568 turns).

ohad the Changer (Octopode Transmuter)              Turns: 1568, Time: 00:03:33

Health: -9/23      AC:  1    Str:  9    XL:     3   Next: 95%
Magic:  2/6        EV: 13    Int: 16    God:
Gold:   68         SH:  0    Dex: 12    Spells: 0/6 levels left

rFire    . . .     SeeInvis .     - Unarmed
rCold    . . .     Gourm    .   (no shield)
rNeg     . . .     Faith    .   (helmet restricted)
rPois    .         Spirit   .   (no amulet)
rElec    .         Reflect  .   (no ring)
rCorr    .         Harm     .   (no ring)
MR       .....                  (no ring)
Stlth    ++........             (no ring)
HPRegen  0.07/turn              (no ring)
MPRegen  0.10/turn              (no ring)
                                (no ring)
                                (no ring)

@: appendage, drained
A: almost no armour, stealthy swim, amphibious, 8 rings, constrict 8, tentacle
spike 3, camouflage 1, gelatinous body 1
a: End Transformation


You were on level 2 of the Dungeon.
You were not hungry.
One of your tentacles had a temporary spike.
You visited 1 branch of the dungeon, and saw 2 of its levels.

You collected 68 gold pieces.

Inventory:

Missiles
 a - 21 arrows
 h - 7 boomerangs (quivered)
Scrolls
 d - a scroll of random uselessness {unknown}
 e - a scroll of teleportation {unknown}
 f - a scroll of enchant weapon {unknown}
 i - a scroll of magic mapping {unknown}
Potions
 g - a potion of heal wounds {unknown}
Comestibles
 b - 3 chunks of flesh
 c - 3 rations


   Skills:
 - Level 1.0(0.4) Fighting
 - Level 2.0(1.4) Dodging
 - Level 3.0(2.4) Unarmed Combat
 - Level 2.0(1.4) Spellcasting
 + Level 4.1(3.5) Transmutations


You couldn't memorise any spells.
You knew the following spells:

 Your Spells              Type           Power        Failure   Level  Hunger
a - Beastly Appendage     Tmut           ##....       5%          1    ##.....
b - Sticks to Snakes      Tmut           ##......     8%          2    ###....
c - Spider Form           Tmut/Pois      #.........   32%         3    ####...

Your spell library contained the following spells:

 Spells                   Type           Power        Failure   Level  Hunger
 Ice Form                 Ice/Tmut       #.......     71%         4    #####..
 Blade Hands              Tmut           ##........   82%         5    ######.


Dungeon Overview and Level Annotations

Branches:
Dungeon (2/15)

Altars:
Okawaru


Innate Abilities, Weirdness & Mutations

You cannot wear most types of armour.
You are very stealthy in the water. (Stealth+)
You are amphibious.
You can wear up to eight rings at the same time.
You can use your tentacles to constrict eight enemies at once.
Your skin changes colour to match your surroundings (Stealth+).
Your rubbery body absorbs attacks. (AC +1, EV +1)
One of your tentacles bears a large vicious spike.


Message History

Unknown command.
Casting: Sticks to Snakes (safe; 6% risk of failure)
Confirm with . or Enter, or press ? or * to list all spells.
One of your tentacles grows a vicious spike.
Your ball python bites the wight but does no damage.
Your ball python constricts the wight.
The wight hits you but does no damage.
The wight hits your ball python with a cursed +2 hand axe of electrocution.
Lightning courses through your ball python!
Your ball python dies!
The wight barely misses you.
You tentacle-slap the wight. Your grab misses the wight.
Your tentacle spike misses the wight.
The wight is severely damaged.
The wight hits you with a cursed +2 hand axe of electrocution!
* * * LOW HITPOINT WARNING * * *
You feel drained.
* * * LOW HITPOINT WARNING * * *
You are electrocuted!
Ouch! That really hurt!
You die...

#..###.)##.####.###
.... #..##.#### ...
#..##....#
....<###..##....#
...z......##....#
...######.##....#
####)##'####
#..÷zz.....#
#...@......#
#..........#
#......[...#
..............#
.♣.#..........#
.....#####>.....
.♣.♣. ###### _...[
.♣.♣


You could see 2 wights.

Vanquished Creatures
  2 adders (D:2)
  A dart slug (D:1)
  A leopard gecko (D:1)
  4 bats
  2 giant cockroaches (D:1)
  6 hobgoblins
  A jackal (D:1)
  4 kobolds (D:1)
  A quokka (D:2)
  3 frilled lizards (D:1)
  4 goblins
  3 rats
32 creatures vanquished.

Notes
Turn   | Place    | Note
-------+----------+-------------------------------------------
     0 | D:1      | ohad the Octopode Transmuter began the quest for the Orb.
     0 | D:1      | Reached XP level 1. HP: 13/13 MP: 3/3
   297 | D:1      | Reached XP level 2. HP: 18/18 MP: 5/5
   429 | D:1      | Reached skill level 3 in Transmutations
   659 | D:1      | Reached XP level 3. HP: 20/23 MP: 6/6
   663 | D:1      | Learned a level 2 spell: Sticks to Snakes
   667 | D:1      | Learned a level 3 spell: Spider Form
  1455 | D:2      | Reached skill level 4 in Transmutations
  1475 | D:2      | Found an iron altar of Okawaru.
  1568 | D:2      | Mangled by a wight

Levels and vault maps discovered:
D:1:      shiori_arrival_maze, layout_loops_corners, minmay_heptomino_h4
D:2:      minmay_roachtagon, layout_basic, nicolae_overflow_crystal_walls,
          old_standard_altar, okawaru_trees_1, skrybe_limestone_x

Skill      XL: |  1  2  3 |
---------------+----------+-----
Transmutations | 3 4 |  4.1
Fighting       | |  1.0
Dodging        | |  2.0
Unarmed Combat | |  3.0
Spellcasting   | |  2.0

Action                   || total
-------------------------++-------
Melee: Unarmed           ||    80
       Constrict         ||    20
       Tentacles         ||     7
       Kick              ||     6
       Punch             ||     1
 Cast: Beastly Appendage ||    10
       Spider Form       ||     1
       Sticks to Snakes  ||     1
 Stab: Sleeping          ||     7
  Eat: Chunk             ||     2
Armor: Skin              ||     9
Dodge: Dodged            ||    51

Table legend:
 A = Non-vault XP
 B = Vault XP
 C = Vault XP percentage of total XP
 D = Non-vault monster count
 E = Vault monster count
 F = Vault count percentage of total count
                 A         B        C        D         E       F
            +---------+---------+-------+---------+---------+-------
      Total |      68 |      12 |  15.0 |      26 |       6 |  18.8
            +---------+---------+-------+---------+---------+-------
        D:1 |      31 |      12 |  27.9 |      17 |       6 |  26.1
        D:2 |      37 |       0 |   0.0 |       9 |       0 |   0.0
            +---------+---------+-------+---------+---------+-------
